 Dungeon Crawl Stone Soup version 0.22.1-2-g9c5b331383 (webtiles) character file.

204 Rediskos the Covered (level 5, -9/33 HPs)
             Began as a Gargoyle Fighter on Dec 22, 2018.
             Mangled by an orc warrior
             ... wielding a +0 mace
              (11 damage)
             ... on level 3 of the Dungeon.
             The game lasted 00:04:29 (1813 turns).

Rediskos the Covered (Gargoyle Fighter)             Turns: 1813, Time: 00:04:30

Health: -9/33      AC: 12    Str: 20    XL:     5   Next: 82%
Magic:  5/5        EV:  7    Int:  9    God:
Gold:   101        SH:  9    Dex:  9    Spells: 4/4 levels left

rFire    . . .     SeeInvis .   a - +0 flail
rCold    + . .     Gourm    .   c - +0 shield
rNeg     + . .     Faith    .   b - +0 scale mail
rPois    ∞         Spirit   .   (no helmet)
rElec    +         Reflect  .   o - +0 cloak
rCorr    .         Harm     .   (no gloves)
MR       .....                  (no boots)
Stlth    ..........             (no amulet)
HPRegen  0.11/turn              j - ring of protection from cold
MPRegen  0.09/turn              (no ring)

@: no status effects
A: negative energy resistance 1, electricity resistance, unbreathing,
petrification resistance, rot immunity, AC +4
a: no special abilities


You were on level 3 of the Dungeon.
You were hungry.

You visited 1 branch of the dungeon, and saw 3 of its levels.

You collected 101 gold pieces.

Inventory:

Hand Weapons
 a - a +0 flail (weapon)
Armour
 b - a +0 scale mail (worn)
 c - a +0 shield (worn)
 o - a +0 cloak (worn)
Jewellery
 j - a ring of protection from cold (left hand)
 q - a cursed ring of teleportation {unknown}
Scrolls
 h - 3 scrolls of identify
 i - a scroll of blinking {unknown}
 k - a scroll of remove curse
 l - a scroll of magic mapping {unknown}
 m - a scroll of teleportation {unknown}
 p - a scroll of fog {unknown}
Potions
 d - a potion of might
 e - a potion of agility
 n - 2 potions of curing {unknown}
Comestibles
 f - 6 rations
 g - 10 chunks of flesh


   Skills:
 + Level 4.2 Fighting
 * Level 4.0 Maces & Flails
 + Level 4.2 Armour
 + Level 4.2 Shields


You had 4 spell levels left.
You didn't know any spells.
Your spell library was empty.

Dungeon Overview and Level Annotations

Branches:
Dungeon (3/15)

Altars:
Trog
Xom

Annotations:
D:3 2 transporters


Innate Abilities, Weirdness & Mutations

You are resistant to torment.
Your stone body is resilient. (AC +4)
You are immune to poison.
You resist negative energy. (rN+)
You are resistant to electric shocks. (rElec)
You can survive without breathing.
You are immune to petrification.
You are immune to rotting.


Message History

You are too injured to fight recklessly!
The orc hits you but does no damage.
You see here a tomahawk.
Things that are here:
a dagger; a robe; an orc corpse You are feeling hungry.
You hit the orc warrior.
The orc warrior is lightly wounded.
The orc warrior hits you with a mace.
* * * LOW HITPOINT WARNING * * *
You closely miss the orc warrior.
The orc warrior is lightly wounded.
The orc hits you from afar with a trident.
* * * LOW HITPOINT WARNING * * *
The orc warrior hits you with a mace.
* * * LOW HITPOINT WARNING * * *
You hit the orc warrior.
The orc warrior is lightly wounded.
You block the orc's attack. The orc warrior hits you with a mace!
You die...

............#
..##...####.#
..........#.#
..#....####.#
.......# ##.# ###
.......# .... ..#
.....#.#.##.# #.#
.......#.##.# #.#
..#.÷#.#....# #@#
.........##.####o#
...###.........o.#
...# #.####.....##
...# #......(##.#
...#######)..##.#
...#...(.(......#
................#
.............####


You could see an orc warrior and an orc.

Vanquished Creatures
  An orc wizard (D:3)
  A bullfrog skeleton (D:3)
  An iguana (D:2)
  5 adders (D:2)
  A worm (D:2)
  3 dart slugs
  3 leopard geckos (D:2)
  2 orcs (D:3)
  6 bats
  5 giant cockroaches
  2 goblins
  6 hobgoblins
  11 jackals
  6 kobolds
  A ball python (D:2)
  5 frilled lizards
  3 rats
62 creatures vanquished.

Notes
Turn   | Place    | Note
-------+----------+-------------------------------------------
     0 | D:1      | Rediskos the Gargoyle Fighter began the quest for the Orb.
     0 | D:1      | Reached XP level 1. HP: 14/14 MP: 1/1
   186 | D:1      | Reached XP level 2. HP: 19/19 MP: 2/2
   785 | D:2      | Reached XP level 3. HP: 23/23 MP: 3/3
   806 | D:2      | Reached XP level 4. HP: 20/29 MP: 4/4
   971 | D:2      | Found a shimmering altar of Xom.
   989 | D:2      | Found a bloodstained altar of Trog.
  1352 | D:2      | Reached XP level 5. HP: 33/33 MP: 5/5
  1655 | D:3      | Found a transporter.
  1701 | D:3      | Found a transporter.
  1791 | D:3      | Noticed an orc warrior
  1812 | D:3      | HP: 1/33 [orc warrior/mace (3)]
  1813 | D:3      | Mangled by an orc warrior

Skill      XL: |  1  2  3  4  5 |
---------------+----------------+-----
Maces & Flails | 3 4 |  4.0
Armour         | 4 |  4.2
Fighting       | 4 |  4.2
Shields        | 4 |  4.2

Action                   |  1- 3 |  4- 6 || total
-------------------------+-------+-------++-------
Melee: Flail             |   111 |   136 ||   247
  Use: Scroll            |       |     2 ||     2
  Eat: Chunk             |       |     3 ||     3
Armor: Scale mail        |    78 |    99 ||   177
Dodge: Dodged            |    29 |    45 ||    74
Block: Shield            |    74 |    84 ||   158
